 Dungeon Crawl Stone Soup version 0.28-a0-1382-g92835e5c71 (webtiles) character file.

Game seed: 11308286975188096507

210 tgiblernsday the Chopper (level 5, 0/46 (47) HPs)
             Began as a Hill Orc Fighter on Dec 31, 2021.
             Slain by Crazy Yiuf (1 damage)
             ... while petrified by Crazy Yiuf
             ... on level 3 of the Dungeon on Jan 1, 2022.
             The game lasted 00:12:43 (3885 turns).

tgiblernsday the Chopper (Hill Orc Fighter)         Turns: 3885, Time: 00:12:43

HP:   0/46 (47)     AC:  9    Str: 21    XL:     5   Next: 87%
MP:   14/14         EV:  2    Int:  8    God:
Gold: 78            SH:  0    Dex: 10    Spells: 4/4 levels left

rFire   . . .      SeeInvis .   f - +1 hand axe (freeze)
rCold   . . .      Faith    .   c - +0 buckler
rNeg    + + +      Spirit   .   b - +0 scale mail
rPois   ∞          Reflect  .   o - +0 helmet
rElec   .          Harm     .   s - +0 cloak
rCorr   +          Rampage  .   (no gloves)
Will    .....                   (no boots)
Stlth   ..........              n - amulet of the acrobat
HPRegen 0.15/turn               l - ring of magical power
MPRegen 0.14/turn               p - ring of resist corrosion

@: confused, petrified, hasted, lightly drained
A: no striking features
a: no special abilities


You were on level 3 of the Dungeon.
You visited 1 branch of the dungeon, and saw 3 of its levels.

You collected 78 gold pieces.

Inventory:

Hand Weapons
 a - a +0 war axe
 f - a +1 hand axe of freezing (weapon)
Missiles
 j - 33 sling bullets
 k - 54 stones (quivered)
Armour
 b - a +0 scale mail (worn)
 c - a +0 buckler (worn)
 o - a +0 helmet (worn)
 s - a +0 cloak (worn)
Jewellery
 l - a ring of magical power (left hand)
 n - an amulet of the acrobat (around neck)
 p - a ring of resist corrosion (right hand)
 v - a ring of poison resistance
Scrolls
 e - 4 scrolls of identify {unknown}
 h - 2 scrolls of teleportation {unknown}
 i - 2 scrolls of fog {unknown}
 m - a scroll of immolation {unknown}
 u - a scroll of blinking {unknown}
Potions
 d - 2 potions of berserk rage {unknown}
 g - 2 potions of curing
 q - a potion of degeneration {unknown}
 r - a potion of attraction {unknown}
 t - a potion of brilliance {unknown}


   Skills:
 + Level 4.5 Fighting
 + Level 4.6 Axes
 + Level 1.4 Throwing
 + Level 4.5 Armour
 + Level 0.4 Dodging
 + Level 0.2 Stealth
 + Level 3.8 Shields


You had 4 spell levels left.
You didn't know any spells.
Your spell library contained the following spells:

 Spells                   Type           Power      Damage    Failure   Level
 Ozocubu's Armour         Ice            0%         N/A       98%         3
 Metabolic Englaciation   Hex/Ice        0%         N/A       100%        5
 Simulacrum               Ice/Necr       0%         N/A       100%        6


Dungeon Overview and Level Annotations

Branches:
Dungeon (3/15)

Altars:
Trog

Annotations:
D:3 Crazy Yiuf


Message History

You feel sick. Crazy Yiuf completely misses you.
You barely miss Crazy Yiuf.
Crazy Yiuf is moderately wounded.
You feel sick.
Crazy Yiuf says, "Citrus!
Pitchfork sallow down."
Crazy Yiuf barely misses you.
You hit Crazy Yiuf. You freeze Crazy Yiuf.
Crazy Yiuf is heavily wounded.
You feel sick.
Crazy Yiuf hits you with a +3 quarterstaff of chaos.
Crazy Yiuf burns you.
You hit Crazy Yiuf but do no damage.
Crazy Yiuf is heavily wounded.
You feel sick. Crazy Yiuf barely misses you.
You barely miss Crazy Yiuf.
Crazy Yiuf is heavily wounded.
You feel sick.
You are no longer poisoned.
Crazy Yiuf hits you with a +3 quarterstaff of chaos.
You are slowing down.
You barely miss Crazy Yiuf.
Crazy Yiuf is heavily wounded.
Crazy Yiuf hits you with a +3 quarterstaff of chaos!
You are confused.
Your limbs are stiffening.
You're too confused to move!
Crazy Yiuf hits you with a +3 quarterstaff of chaos!
* * * LOW HITPOINT WARNING * * *
Space warps around you.
* * * LOW HITPOINT WARNING * * *
Crazy Yiuf hits you but does no damage.
You feel drained.
You have turned to stone.
Crazy Yiuf screams, "Whippet mobile Hive!"
Crazy Yiuf hits you with a +3 quarterstaff of chaos!
* * * LOW HITPOINT WARNING * * *
You feel yourself speed up.
Crazy Yiuf hits you with a +3 quarterstaff of chaos!
* * * LOW HITPOINT WARNING * * *
Crazy Yiuf burns you.
You die...

#....###.#
#....# #.#
♣..).♣ #.#
♣♣...♣
#.######
♣♣.♣♣
#......#
♣♣.♣
#......#####
♣.♣♣
#...........
♣♣.♣
#........###
♣@♣♣
###..###....
#g#
##........
...
#........
#...#
#........
#)..#
##........
#####
#.......##
###.......
#.##....
#.######


You could see Crazy Yiuf.

Vanquished Creatures
  Natasha (thrice) (D:3)
  Robin (D:3)
  4 adders
  3 dart slugs
  4 worms
  An orc (D:3)
  7 ball pythons
  4 bats
  3 endoplasms
  3 giant cockroaches
  13 goblins
  7 hobgoblins
  5 quokkas
  2 frilled lizards
  4 kobolds
  8 rats
  5 bushes (D:1)
77 creatures vanquished.

Vanquished Creatures (others)
  10 plants (D:1)
10 creatures vanquished.

Grand Total: 87 creatures vanquished

Notes
Turn   | Place    | Note
-------+----------+-------------------------------------------
     0 | D:1      | tgiblernsday the Hill Orc Fighter began the quest for the
                  | Orb.
     0 | D:1      | Reached XP level 1. HP: 19/19 MP: 1/1
   232 | D:1      | Reached XP level 2. HP: 23/27 MP: 2/2
  1693 | D:2      | Reached XP level 3. HP: 33/33 MP: 3/3
  2321 | D:2      | Reached XP level 4. HP: 39/40 MP: 4/4
  2864 | D:3      | Found a bloodstained altar of Trog.
  2869 | D:3      | Noticed Robin
  2879 | D:3      | Killed Robin
  3104 | D:3      | Upgraded the game from 0.28-a0-1374-ga75cb3825e to
                  | 0.28-a0-1382-g92835e5c71
  3181 | D:3      | Reached XP level 5. HP: 47/47 MP: 5/5
  3232 | D:3      | Noticed Natasha
  3240 | D:3      | Killed Natasha
  3333 | D:3      | Found a runed translucent door.
  3334 | D:3      | Noticed Crazy Yiuf
  3401 | D:3      | Noticed Natasha
  3410 | D:3      | Killed Natasha
  3411 | D:3      | Reached skill level 1 in Throwing
  3559 | D:3      | Noticed Natasha
  3571 | D:3      | Killed Natasha
  3885 | D:3      | HP: 1/46 [Crazy Yiuf (5)]
  3885 | D:3      | Slain by Crazy Yiuf

Illustrated notes

Levels and vault maps discovered:
D:1:      psy_arrival_terrarium, layout_basic, serial_forest,
          infiniplex_forest_lined_2, infiniplex_forest_clump_cross,
          infiniplex_forest_diagonal, infiniplex_forest_clump_double,
          infiniplex_forest_pool, infiniplex_forest_end_1,
          infiniplex_forest_clump_long, minmay_pentomino_o2
D:2:      minmay_diamond_boxcup, layout_loops_ring,
          minmay_misc_feat_four_crosses
D:3:      layout_rooms, trog_butcher_becter, uniq_robin, uniq_natasha,
          uniq_crazy_yiuf_cottage

Skill      XL: |  1  2  3  4  5 |
---------------+----------------+-----
Fighting       | 4 |  4.5
Axes           | 3 4 |  4.6
Armour         | 4 |  4.5
Throwing       | 1 |  1.4
Dodging        | |  0.4
Stealth        | |  0.2
Shields        | |  3.8

Action                   |  1- 3 |  4- 6 || total
-------------------------+-------+-------++-------
Melee: Hand axe          |   539 |   102 ||   641
       War axe           |     3 |       ||     3
Throw: Stone             |    32 |    73 ||   105
  Use: Potion            |       |     1 ||     1
Armor: Scale mail        |    27 |    40 ||    67
Dodge: Dodged            |    35 |    38 ||    73
Block: Buckler           |    17 |    12 ||    29

Table legend: (Time is in decaauts)
 A = Elapsed time spent in this place.
 B = Non-inter-level travel time spent in this place.
 C = Inter-level travel time spent in this place.
 D = Time resting spent in this place.
 E = Time spent auto-exploring this place.
 F = Levels seen in this place.
 G = Mean time per level.
                   A        B        C        D        E       F      G
               +--------+--------+--------+--------+--------+-----+--------+
         Total |   4005 |   3620 |    385 |    209 |   2276 |   3 | 1335.0 |
       Dungeon |   4005 |   3620 |    385 |    209 |   2276 |   3 | 1335.0 |
               +--------+--------+--------+--------+--------+-----+--------+

Top non-repeatable levels by time:
     D:1: 1767 daAuts
     D:2: 1201 daAuts
     D:3: 1037 daAuts
